 Dungeon Crawl Stone Soup version 0.23.2-33-g5129a83184 (webtiles) character file.

Game seed: 14169303167275517591

246 FishyPogo the Covered (level 6, -1/39 HPs)
             Began as a Gargoyle Fighter on July 27, 2019.
             Was a Follower of Trog.
             Slain by Duvessa
             ... wielding a +0 short sword
              (7 damage)
             ... on level 4 of the Dungeon.
             The game lasted 00:19:48 (2666 turns).

FishyPogo the Covered (Gargoyle Fighter)            Turns: 2666, Time: 00:19:48

Health: -1/39      AC: 12    Str: 26    XL:     6   Next: 11%
Magic:  6/6        EV: 12    Int:  9    God:    Trog [*.....]
Gold:   277        SH: 10    Dex: 14    Spells: 5/5 levels left

rFire    + . .     SeeInvis .   a - +0 flail
rCold    . . .     Gourm    .   c - +0 shield
rNeg     + . .     Faith    .   u - +0 scale mail
rPois    ∞         Spirit   .   (no helmet)
rElec    +         Reflect  .   (no cloak)
rCorr    .         Harm     .   (no gloves)
MR       .....                  j - +0 pair of boots
Stlth    ++........             q - amulet of regeneration
HPRegen  0.53/turn              p - ring of protection from fire
MPRegen  0.10/turn              (no ring)

@: mighty, agile, berserk cooldown, slowed, very slow
A: negative energy resistance 1, electricity resistance, unbreathing,
petrification resistance, rot immunity, AC +4
a: Berserk, Renounce Religion


You were on level 4 of the Dungeon.
You worshipped Trog.
Trog was aware of your devotion.
You were very hungry.

You visited 1 branch of the dungeon, and saw 4 of its levels.

You collected 277 gold pieces.

Inventory:

Hand Weapons
 a - a +0 flail (weapon)
 b - a +0 war axe
Missiles
 e - 102 stones (quivered)
Armour
 c - a +0 shield (worn)
 j - a +0 pair of boots (worn)
 u - a +0 scale mail (worn)
Jewellery
 p - a ring of protection from fire (left hand)
 q - an amulet of regeneration (around neck)
Wands
 s - a wand of random effects (11)
Scrolls
 g - 3 scrolls of remove curse
 h - 10 scrolls of identify
 k - a scroll of amnesia
 o - 2 scrolls of teleportation {unknown}
 r - a scroll of immolation {unknown}
 x - a scroll of magic mapping {unknown}
 y - a scroll of blinking {unknown}
Potions
 l - a potion of flight {unknown}
 m - 5 potions of curing {unknown}
 n - 2 potions of heal wounds {unknown}
 t - a potion of berserk rage {unknown}
 w - a potion of ambrosia {unknown}
Comestibles
 f - 5 rations
 i - 3 chunks of flesh


   Skills:
 * Level 4.3 Fighting
 + Level 0.2(1.7) Axes
 * Level 3.2 Maces & Flails
 + Level 1.3 Throwing
 * Level 4.4 Armour
 + Level 1.9 Stealth
 * Level 4.2 Shields


You had 5 spell levels left.
You didn't know any spells.
Your spell library contained the following spells:

 Spells                   Type           Power        Failure   Level  Hunger
 Confusing Touch          Hex            #.....       98%         1    ##.....
 Corona                   Hex            #......      98%         1    ##.....
 Ensorcelled Hibernation  Hex/Ice        #.....       99%         2    ###....
 Confuse                  Hex            #.......     100%        3    ####...
 Dazzling Spray           Conj/Hex       #.....       100%        3    ####...
 Gell's Gravitas          Tloc           #.........   100%        3    ####...
 Tukima's Dance           Hex            #.......     100%        3    ####...
 Petrify                  Tmut/Erth      #.......     100%        4    #####..
 Metabolic Englaciation   Hex/Ice        #.........   100%        5    ######.
 Yara's Violent Unravell  Hex/Tmut       #.........   100%        5    ######.


Dungeon Overview and Level Annotations

Branches:
Dungeon (4/15)
 Temple: D:4-7

Altars:
Fedhas
Kikubaaqudgha
Makhleb
Sif Muna
Trog
Vehumet
Wu Jian
The Shining One

Annotations:
D:4 Duvessa


Innate Abilities, Weirdness & Mutations

You are resistant to torment.
Your stone body is resilient. (AC +4)
You are immune to poison.
You resist negative energy. (rN+)
You are resistant to electric shocks. (rElec)
You can survive without breathing.
You are immune to petrification.
You are immune to rotting.


Message History

You are exhausted.
You feel yourself slow down. Duvessa hits you with a +0 short sword!
You block Duvessa's attack.
You thump Duvessa!
Duvessa is heavily wounded.
You block Duvessa's attack. Duvessa hits you with a +0 short sword!
Duvessa hits you with a +0 short sword.
Okay, then.
You miss Duvessa.
Duvessa is heavily wounded.
Duvessa hits you but does no damage. Duvessa hits you with a +0 short sword.
Duvessa hits you with a +0 short sword!
* * * LOW HITPOINT WARNING * * *
You feel agile all of a sudden.
Duvessa is no longer unusually agile.
Duvessa hits you but does no damage. Duvessa hits you with a +0 short sword.
* * * LOW HITPOINT WARNING * * *
You feel very mighty all of a sudden. You block Duvessa's attack.
Duvessa hits you with a +0 short sword!
You die...

......#####e..##....(
######...............
........e#####%.....
.#######.# ##... #.#
#.. . #.# #.# #.##
##.# # #.)#####..# #
##e@..##.## #
####..#.### #
##.....## #
#......#..########
######..#...##....
##.###....###
#.#####.####
#...........
#####.###...


You could see Duvessa (berserk).

Vanquished Creatures
  Dowan (D:4)
  An orc priest (D:3)
  A hound skeleton (D:3)
  3 adders
  4 gnolls (D:3)
  A shadow imp (D:2)
  2 worms
  3 dart slugs
  A leopard gecko (D:1)
  3 orcs (D:3)
  3 giant cockroaches
  9 goblins
  8 hobgoblins
  4 jackals (D:2)
  A quokka (D:3)
  A ball python (D:4)
  11 bats
  2 frilled lizards
  6 kobolds
  4 rats
69 creatures vanquished.

Notes
Turn   | Place    | Note
-------+----------+-------------------------------------------
     0 | D:1      | FishyPogo the Gargoyle Fighter began the quest for the Orb.
     0 | D:1      | Reached XP level 1. HP: 14/14 MP: 1/1
   118 | D:1      | Reached XP level 2. HP: 17/19 MP: 2/2
   504 | D:1      | Reached XP level 3. HP: 23/23 MP: 3/3
  1050 | D:2      | Found a burning altar of Makhleb.
  1150 | D:2      | Found a bloodstained altar of Trog.
  1155 | D:2      | Became a worshipper of Trog the Wrathful
  1265 | D:2      | Found a blossoming altar of Fedhas.
  1369 | D:2      | Reached XP level 4. HP: 25/29 MP: 4/4
  1616 | D:2      | Found an ornate altar of the Wu Jian Council.
  1624 | D:2      | Reached skill level 1 in Stealth
  1630 | D:2      | Found a deep blue altar of Sif Muna.
  1632 | D:2      | Found a glowing golden altar of the Shining One.
  1638 | D:2      | Found a radiant altar of Vehumet.
  1661 | D:2      | Found an ancient bone altar of Kikubaaqudgha.
  2029 | D:3      | Reached XP level 5. HP: 27/33 MP: 5/5
  2047 | D:3      | Reached skill level 1 in Throwing
  2075 | D:3      | Reached * piety under Trog
  2630 | D:4      | Noticed Duvessa
  2630 | D:4      | Noticed Dowan
  2656 | D:4      | Killed Dowan
  2656 | D:4      | Reached XP level 6. HP: 39/39 MP: 6/6
  2666 | D:4      | Slain by Duvessa

Skill      XL: |  1  2  3  4  5 |
---------------+----------------+-----
Stealth        | 1 |  1.9
Fighting       | 4 |  4.3
Armour         | 4 |  4.4
Throwing       | 1 |  1.3
Shields        | 4 |  4.2
Maces & Flails | 3 |  3.2
Axes           | |  0.2

Action                   |  1- 3 |  4- 6 || total
-------------------------+-------+-------++-------
Melee: Flail             |   164 |   183 ||   347
Invok: Berserk           |       |     1 ||     1
  Use: Scroll            |     4 |       ||     4
       Potion            |       |     2 ||     2
  Eat: Chunk             |     2 |     4 ||     6
Armor: Scale mail        |    82 |    98 ||   180
Dodge: Dodged            |    39 |    46 ||    85
Block: Shield            |    90 |   104 ||   194
